 Dungeon Crawl Stone Soup version 0.25.0-9-g26727b657a (webtiles) character file.

Game seed: 5578420015052004936

68 mopl the Digger (level 4, -8/27 HPs)
             Began as an Octopode Earth Elementalist on June 18, 2020.
             Killed by divine providence
             ... invoked by an orc priest
              (10 damage)
             ... on level 3 of the Dungeon.
             The game lasted 00:02:25 (1998 turns).

mopl the Digger (Octopode Earth Elementalist)       Turns: 1998, Time: 00:02:25

Health: -8/27      AC:  1    Str:  7    XL:     4   Next: 19%
Magic:  8/8        EV: 13    Int: 18    God:
Gold:   130        SH:  0    Dex: 12    Spells: 3/9 levels left

rFire    . . .     SeeInvis .   f - +0 dagger
rCold    . . .     Gourm    .   (no shield)
rNeg     . . .     Faith    .   (helmet restricted)
rPois    .         Spirit   .   (no amulet)
rElec    .         Reflect  .   (no ring)
rCorr    .         Harm     .   (no ring)
MR       .....                  (no ring)
Stlth    +++.......             (no ring)
HPRegen  0.09/turn              (no ring)
MPRegen  0.11/turn              (no ring)
                                (no ring)
                                (no ring)

@: no status effects
A: almost no armour, stealthy swim, amphibious, 8 rings, constrict 8, camouflage
1, gelatinous body 1
a: no special abilities


You were on level 3 of the Dungeon.
You were very hungry.

You visited 1 branch of the dungeon, and saw 3 of its levels.

You collected 130 gold pieces.

Inventory:

Hand Weapons
 f - a +0 dagger (weapon)
Missiles
 b - 53 stones (quivered)
Scrolls
 d - a scroll of fear {unknown}
 e - a scroll of remove curse {unknown}
 g - a scroll of teleportation {unknown}
 i - a scroll of identify {unknown}
 j - 2 scrolls of amnesia {unknown}
 l - a scroll of enchant weapon {unknown}
Potions
 a - a potion of invisibility {unknown}
 h - a potion of curing {unknown}
 k - a potion of ambrosia {unknown}
Comestibles
 c - 5 rations


   Skills:
 - Level 2.0 Dodging
 - Level 2.6 Stealth
 * Level 3.0 Spellcasting
 * Level 1.0 Conjurations
 + Level 1.4 Transmutations
 * Level 3.8 Earth Magic


You had 3 spell levels left.
You knew the following spells:

 Your Spells              Type           Power        Failure   Level  Hunger
a - Sandblast             Erth           ###...       3%          1    None
b - Stone Arrow           Conj/Erth      ##....       19%         3    ###....
p - Passwall              Tmut/Erth      ##......     9%          2    ##.....

Your spell library contained the following spells:

 Spells                   Type           Power        Failure   Level  Hunger
 Petrify                  Tmut/Erth      ##......     50%         4    ####...
 Lee's Rapid Deconstruct  Erth           ###.......   67%         5    ######.


Dungeon Overview and Level Annotations

Branches:
Dungeon (3/15)

Altars:
Ashenzari
Sif Muna
Wu Jian


Innate Abilities, Weirdness & Mutations

You cannot wear most types of armour.
You are very stealthy in the water. (Stealth+)
You are amphibious.
You can wear up to eight rings at the same time.
You can use your tentacles to constrict eight enemies at once.
Your skin changes colour to match your surroundings (Stealth+).
Your rubbery body absorbs attacks. (AC +1, EV +1)


Message History

The orc completely misses you. The bat barely misses you. The goblin hits you.
The hobgoblin moves out of view.
You closely miss the bat. Your grab misses the bat. You squeeze the bat.
You kill the bat!
The orc completely misses you. The orc misses you. The goblin hits you.
* * * LOW HITPOINT WARNING * * *
The goblin hits you.
* * * LOW HITPOINT WARNING * * *
The orc closely misses you.
Found 10 gold pieces and a club.
You see here a bat corpse.
The hobgoblin shouts!
The goblin hits you.
* * * LOW HITPOINT WARNING * * *
The orc priest miscasts a cantrip.
You see here 10 gold pieces.
A rat comes into view.
The orc priest calls down the wrath of Beogh upon you.
Beogh smites you!
You die...

..####?...#
.........#
...............#.
#..r.............
#................ ...
#.... .....#.....
....#...# .........#
_....).@####gr......#
....#..gg..#........#
. #......#o<......#
#.....o#......#..
#.....oor.....#
..........o.....#
.............####
#.............#
#........######


You could see an orc priest, 3 orcs, a quokka, a hobgoblin, a goblin and a rat
(wandering).

Vanquished Creatures
  2 adders (D:2)
  2 dart slugs (D:2)
  2 leopard geckos (D:1)
  An orc (D:3)
  A giant cockroach (D:2)
  5 goblins
  3 hobgoblins
  4 jackals (D:2)
  6 bats
  3 frilled lizards
  6 kobolds (D:2)
  10 rats
45 creatures vanquished.

Notes
Turn   | Place    | Note
-------+----------+-------------------------------------------
     0 | D:1      | mopl the Octopode Earth Elementalist began the quest for
                  | the Orb.
     0 | D:1      | Reached XP level 1. HP: 11/11 MP: 3/3
   238 | D:1      | Reached XP level 2. HP: 17/17 MP: 5/5
   659 | D:2      | Learned a level 2 spell: Passwall
   983 | D:2      | Reached XP level 3. HP: 21/21 MP: 6/6
   989 | D:2      | Learned a level 3 spell: Stone Arrow
  1114 | D:2      | HP: 1/21 [kobold/stone (1)]
  1385 | D:2      | Found a shimmering blue altar of Sif Muna.
  1385 | D:2      | Found an ornate altar of the Wu Jian Council.
  1392 | D:2      | Reached XP level 4. HP: 9/27 MP: 5/8
  1681 | D:2      | Reached skill level 1 in Conjurations
  1998 | D:3      | Found a shattered altar of Ashenzari.
  1998 | D:3      | Killed from afar by an orc priest

Illustrated notes

Levels and vault maps discovered:
D:1:      minmay_arrival_four_houses, layout_basic, minmay_rat_gold_closets
D:2:      layout_basic, gammafunk_temple_overflow_pools
D:3:      layout_basic, nicolae_overflow_crystal_walls, fedhas_altar_1,
          old_standard_altar, minivault_27

Skill      XL: |  1  2  3  4 |
---------------+-------------+-----
Spellcasting   | 3 |  3.0
Conjurations   | 1 |  1.0
Dodging        | |  2.0
Stealth        | |  2.6
Transmutations | |  1.4
Earth Magic    | |  3.8

Action                   |  1- 3 |  4- 6 || total
-------------------------+-------+-------++-------
Melee: Dagger            |    75 |    13 ||    88
       Unarmed           |     2 |       ||     2
       Constrict         |    17 |     2 ||    19
       Tentacles         |     7 |     2 ||     9
 Cast: Sandblast         |     7 |     1 ||     8
 Stab: Sleeping          |    13 |     1 ||    14
  Eat: Chunk             |     1 |     1 ||     2
Armor: Skin              |     9 |     1 ||    10
Dodge: Dodged            |    42 |    14 ||    56
